 Dungeon Crawl Stone Soup version 0.25.1-2-g60ff931 (webtiles) character file.

Game seed: 17872391165686823339

61649 ringo67 the Martial Artist (level 15, -7/108 HPs)
             Began as an Octopode Transmuter on Aug 27, 2020.
             Was the Champion of Okawaru.
             Mangled by Snorg (22 damage)
             ... on level 10 of the Dungeon on Aug 28, 2020.
             The game lasted 01:50:58 (27179 turns).

ringo67 the Martial Artist (Octopode Transmuter)   Turns: 27179, Time: 01:50:59

Health: -7/108     AC:  5    Str: 21    XL:     15   Next: 3%
Magic:  22/33      EV: 31    Int: 20    God:    Okawaru [******]
Gold:   1124       SH: 14    Dex: 19    Spells: 5/26 levels left

rFire    . . .     SeeInvis .     - Unarmed
rCold    + + .     Gourm    .   A - +3 buckler of Voiqerphag {rN+ MP+9 Stlth+}
rNeg     + . .     Faith    .   J - +0 hat
rPois    .         Spirit   .   H - amulet of reflection
rElec    .         Reflect  +   m - +4 ring of evasion
rCorr    .         Harm     .   q - +4 ring of protection
MR       +....                  t - +6 ring of strength
Stlth    +++++++...             d - ring "Guthreus" {Str+4 Dex+6 Slay+4 Stlth+}
HPRegen  0.28/turn              M - +4 ring of slaying
MPRegen  0.23/turn              O - ring of protection from cold
                                N - +4 ring of evasion
                                P - ring of protection from cold

@: no status effects
A: almost no armour, stealthy swim, amphibious, 8 rings, constrict 8, camouflage
1, gelatinous body 1
a: Heroism, Finesse, Renounce Religion


You were on level 10 of the Dungeon.
You worshipped Okawaru.
Okawaru was exalted by your worship.
You were hungry.

You visited 2 branches of the dungeon, and saw 16 of its levels.
You also visited: Ice Cave.

You collected 1776 gold pieces.
You spent 652 gold pieces at shops.

Inventory:

Hand Weapons
 x - the +7 lajatang of Order {silver, rMut}
   (You found it on level 9 of the Dungeon)

   It protects you from mutation.
 B - the +6 arbalest "Damnation" {damnation}
   (You found it in an ice cave)
Missiles
 a - 179 arrows
 b - 71 poisoned darts (quivered)
Armour
 v - a +1 tower shield of protection
 A - the +3 buckler of Voiqerphag (worn) {rN+ MP+9 Stlth+}
   (You bought it in a shop on level 9 of the Dungeon)

   It protects you from negative energy.
   It affects your magic capacity (+9).
   It makes you more stealthy.
 J - a +0 hat (worn)
 U - a +0 kite shield of protection
Jewellery
 d - the ring "Guthreus" (on tentacle) {Str+4 Dex+6 Slay+4 Stlth+}
   (You found it on level 9 of the Dungeon)

   [ring of slaying]

   It affects your strength (+4).
   It affects your dexterity (+6).
   It affects your accuracy and damage with ranged weapons and melee attacks
   (+4).
   It makes you more stealthy.
 j - an uncursed amulet of the acrobat
 m - a +4 ring of evasion (left tentacle)
 q - a +4 ring of protection (right tentacle)
 t - a +6 ring of strength (on tentacle)
 H - an amulet of reflection (around mantle)
 M - a +4 ring of slaying (on tentacle)
 N - a +4 ring of evasion (on tentacle)
 O - a ring of protection from cold (on tentacle)
 P - a ring of protection from cold (on tentacle)
Wands
 f - a wand of iceblast (11)
 z - a wand of paralysis (16)
 K - a wand of digging (7)
Scrolls
 g - a scroll of identify
 i - 6 scrolls of remove curse
 k - 3 scrolls of immolation
 n - a scroll of blinking {unknown}
 o - a scroll of fog
 p - 2 scrolls of teleportation
 F - a scroll of enchant armour
 Q - 2 scrolls of magic mapping
 T - a scroll of torment {unknown}
Potions
 e - 4 potions of curing
 h - 3 potions of lignification
 l - 2 potions of flight
 s - a potion of heal wounds
 u - a potion of mutation
 D - 3 potions of brilliance
 G - 2 potions of berserk rage
 I - a potion of resistance
 L - a potion of haste
 R - a potion of might
 S - a potion of ambrosia
Miscellaneous
 y - a lightning rod (4/4)
Comestibles
 c - 25 rations
 r - 3 chunks of flesh


   Skills:
 + Level 11.7 Fighting
 + Level 11.9 Dodging
 + Level 8.2 Stealth
 - Level 4.0 Shields
 + Level 13.2 Unarmed Combat
 - Level 6.0 Spellcasting
 - Level 10.0 Transmutations
 - Level 4.0 Ice Magic
 - Level 2.0 Poison Magic
 + Level 7.1 Invocations


You had 5 spell levels left.
You knew the following spells:

 Your Spells              Type           Power        Failure   Level  Hunger
a - Beastly Appendage     Tmut           #####.       1%          1    None
b - Spider Form           Tmut/Pois      ####......   2%          3    ##.....
c - Sticks to Snakes      Tmut           #####...     1%          2    None
d - Ice Form              Ice/Tmut       ####....     6%          4    ####...
e - Blade Hands           Tmut           #####.....   4%          5    #####..
f - Statue Form           Tmut/Erth      ####.....    90%         6    #######

Your spell library contained the following spells:

 Spells                   Type           Power        Failure   Level  Hunger
 Freeze                   Ice            ###.         1%          1    None
 Frozen Ramparts          Ice            ###...       6%          3    ##.....
 Ensorcelled Hibernation  Hex/Ice        ##....       7%          2    None
 Corona                   Hex            #......      11%         1    None
 Magic Dart               Conj           #...         11%         1    None
 Shock                    Conj/Air       #...         11%         1    None
 Ozocubu's Armour         Chrm/Ice       ##......     14%         3    ##.....
 Blink                    Tloc           N/A          16%         2    None
 Call Imp                 Summ           #.......     16%         2    None
 Slow                     Hex            #.......     16%         2    None
 Swiftness                Chrm/Air       #.......     16%         2    None
 Mephitic Cloud           Conj/Pois/Air  #.......     24%         3    ##.....
 Confusing Touch          Hex            #.......     30%         3    ##.....
 Conjure Flame            Conj/Fire      #.......     30%         3    ##.....
 Dazzling Flash           Conj/Hex       #.....       30%         3    ##.....
 Static Discharge         Conj/Air       #.......     30%         3    ##.....
 Tukima's Dance           Hex            #.......     30%         3    ##.....
 Hailstorm                Conj/Ice       ##......     41%         4    ####...
 Summon Ice Beast         Ice/Summ       ##......     41%         4    ####...
 Airstrike                Air            #.........   71%         4    ####...
 Leda's Liquefaction      Hex/Erth       #.........   71%         4    ####...
 Metabolic Englaciation   Hex/Ice        ##........   77%         5    #####..
 Bolt of Magma            Conj/Fire/Erth #.........   96%         5    #####..
 Iskenderun's Battlesphe  Conj/Chrm      #.......     96%         5    #####..
 Lightning Bolt           Conj/Air       #.........   96%         5    #####..
 Ozocubu's Refrigeration  Ice            ###.......   97%         6    #######
 Freezing Cloud           Conj/Ice/Air   ##........   100%        6    #######
 Iron Shot                Conj/Erth      #.........   100%        6    #######
 Simulacrum               Ice/Necr       ##........   100%        6    #######
 Orb of Destruction       Conj           #.........   100%        7    #######
 Spellforged Servitor     Conj/Summ      #.........   100%        7    #######
 Ignition                 Fire           #.........   100%        8    #######
 Shatter                  Erth           #.........   100%        9    #######
 Tornado                  Air            #.........   100%        9    #######


Dungeon Overview and Level Annotations

Branches:
Dungeon (10/15)            Temple (0/1) D:6            Lair (6/6) D:8
  Swamp (0/4) Lair:2        Snake (0/4) Lair:3        Slime (0/5) Lair:6
  IceCv (visited)
    Orc: D:9-12

Altars:
Cheibriados
Gozag
Nemelex Xobeh
Okawaru
Qazlal
Trog
Jiyva

Shops:
D:6 **   D:7 :   D:9 (*([(

Annotations:
D:9 Erolcha
D:10 Snorg
Lair:3 exclusion: oklob plant


Innate Abilities, Weirdness & Mutations

You cannot wear most types of armour.
You are very stealthy in the water. (Stealth+)
You are amphibious.
You can wear up to eight rings at the same time.
You can use your tentacles to constrict eight enemies at once.
Your skin changes colour to match your surroundings (Stealth+).
Your rubbery body absorbs attacks. (AC +1, EV +1)


Message History

Snorg completely misses you. Snorg claws you. Snorg completely misses you.
You slash Snorg!
Snorg is moderately wounded.
Snorg bites you! You block Snorg's attack. Snorg completely misses you.
Snorg bites you! Snorg completely misses you. Snorg misses you.
Unknown command.
You block Snorg's attack. Snorg closely misses you.
Snorg completely misses you.
The orc priest miscasts a cantrip.
Snorg bites you!!
* * * LOW HITPOINT WARNING * * *
Snorg barely misses you. You block Snorg's attack.
Your tentacles revert to their normal proportions.
The +3 buckler of Voiqerphag {rN+ MP+9 Stlth+} unmelds from your body.
There is an open door here.
Snorg rages.
Snorg misses you. Snorg completely misses you.
Snorg claws you but does no damage. Snorg bites you!!
You die...

######)#)######.#
#........<#)#
#.........#.#
#.........#.#
#.........#.#
#.........#.#
#.........#.#
##o########.#
#..T@...##.#
#######.##.#
#.##.# #.##.#
#.##.# #.##.#
#.##.# #.##.#
#.##.#


You could see Snorg (berserk) and an orc priest.

Vanquished Creatures
  A white draconian (IceCv)
  Harold (D:9)
  10 hydras
  A merfolk avatar (Lair:6)
  Erica (D:9)
  A centaur warrior (D:9)
  A two-headed ogre (D:9)
  9 death yaks (Lair:6)
  An unseen horror (D:9)
  13 elephants
  A black mamba (Lair:4)
  A torpor snail (Lair:6)
  Maurice (D:9)
  An ice statue (IceCv)
  Maggie (Lair:1)
  4 gargoyles (D:8)
  5 rime drakes
  17 spiny frogs
  13 komodo dragons
  19 polar bears
  A hornet (Lair:5)
  A troll (D:9)
  3 blink frogs (Lair:4)
  A dream sheep (Lair:5)
  2 bog bodies (Lair:2)
  10 hippogriffs
  12 wyverns
  A wraith (D:10)
  2 hogs (D:7)
  A human (D:7)
  4 basilisks
  57 yaks
  3 hungry ghosts
  An acid dragon (D:7)
  10 water moccasins
  3 orc warriors
  A black bear (D:7)
  4 porcupines
  3 sky beasts (D:5)
  3 phantoms
  2 ice beasts
  11 ogres
  24 wolves
  4 centaurs
  2 necrophages
  10 crocodiles
  A big kobold (D:8)
  10 bullfrogs
  A gnoll sergeant (D:9)
  A wyvern zombie (D:8)
  A wyvern skeleton (D:6)
  A water moccasin zombie (D:9)
  5 scorpions
  3 wights
  An electric eel (Lair:4)
  2 howler monkeys
  4 crimson imps
  2 quasits
  A centaur zombie (D:9)
  9 hounds
  3 jellies
  A bullfrog skeleton (D:8)
  2 iguanas
  11 orc wizards
  9 orc priests
  A centaur skeleton (D:5)
  Natasha (thrice) (D:2)
  5 hell rats (Lair:4)
  6 worker ants
  A hound skeleton (D:9)
  3 gnolls
  A howler monkey skeleton (D:7)
  8 adders
  A shadow imp (D:5)
  An ooze (D:1)
  3 adder skeletons
  2 adder zombies
  2 worms
  2 dart slugs (D:1)
  5 leopard geckos
  35 orcs
  A ball python (D:3)
  5 bats
  6 giant cockroaches
  8 hobgoblins
  22 jackals
  2 quokkas
  5 frilled lizards
  6 goblins
  16 kobolds
  8 rats
  A plant (Lair:6)
505 creatures vanquished.

Vanquished Creatures (collateral kills)
  A gnoll (D:4)
1 creature vanquished.

Vanquished Creatures (others)
  A yak (IceCv)
  5 wolves (IceCv)
  A kobold (D:8)
  15 fungi
  17 plants
  3 toadstools (D:6)
42 creatures vanquished.

Grand Total: 548 creatures vanquished

Notes
Turn   | Place    | Note
-------+----------+-------------------------------------------
     0 | D:1      | ringo67 the Octopode Transmuter began the quest for the
                  | Orb.
     0 | D:1      | Reached XP level 1. HP: 13/13 MP: 3/3
    16 | D:1      | Reached XP level 2. HP: 3/18 MP: 5/5
   692 | D:1      | Reached XP level 3. HP: 15/24 MP: 6/6
   857 | D:1      | Learned a level 3 spell: Spider Form
   860 | D:1      | Learned a level 2 spell: Sticks to Snakes
  1166 | D:2      | Reached skill level 1 in Poison Magic
  1485 | D:2      | Reached XP level 4. HP: 24/29 MP: 7/7
  1546 | D:2      | Noticed Natasha
  1558 | D:2      | Killed Natasha
  2029 | D:2      | Noticed Natasha
  2035 | D:2      | Killed Natasha
  2343 | D:2      | Noticed Natasha
  2354 | D:2      | Killed Natasha
  2354 | D:2      | Reached XP level 5. HP: 13/34 MP: 5/8
  3425 | D:3      | Found an iron altar of Okawaru.
  3585 | D:3      | Became a worshipper of Warmaster Okawaru
  3613 | D:4      | Noticed an ogre
  4205 | D:4      | Reached skill level 4 in Unarmed Combat
  4205 | D:4      | Reached XP level 6. HP: 25/41 MP: 5/9
  4854 | D:4      | Reached * piety under Okawaru
  5163 | D:4      | Reached XP level 7. HP: 42/46 MP: 8/10
  5311 | D:4      | Found a sparkling altar of Nemelex Xobeh.
  5332 | D:4      | Reached skill level 5 in Transmutations
  5739 | D:5      | Entered Level 5 of the Dungeon
  5767 | D:5      | Reached skill level 1 in Stealth
  5767 | D:5      | Reached skill level 5 in Unarmed Combat
  5819 | D:5      | Reached ** piety under Okawaru
  6068 | D:5      | Reached XP level 8. HP: 18/54 MP: 8/11
  6677 | D:5      | Reached skill level 5 in Fighting
  7092 | D:5      | Reached skill level 6 in Unarmed Combat
  7334 | D:5      | Reached skill level 5 in Stealth
  7460 | D:5      | Learned a level 4 spell: Ice Form
  7544 | D:6      | Found Souhuipp's General Store.
  7660 | D:6      | Reached *** piety under Okawaru
  7660 | D:6      | Reached XP level 9. HP: 36/61 MP: 5/12
  7854 | D:6      | Found a staircase to the Ecumenical Temple.
  8405 | D:6      | Found a bloodstained altar of Trog.
  8413 | D:6      | Found Afruirch's Elemental Accessories.
  8438 | D:6      | Bought a +4 ring of protection for 396 gold pieces
  8536 | D:6      | Reached skill level 5 in Dodging
  8992 | D:6      | Reached skill level 7 in Unarmed Combat
  9544 | D:7      | Found an opulent altar of Gozag.
  9755 | D:7      | Reached skill level 1 in Ice Magic
  9755 | D:7      | Reached skill level 1 in Invocations
  9895 | D:7      | You fall into a shaft and drop 2 floors!
  9950 | D:9      | Noticed Maurice
  9954 | D:9      | Paralysed by Maurice for 2 turns
  9970 | D:9      | Paralysed by something for 7 turns
 10027 | D:9      | Killed Maurice
 10173 | D:9      | Noticed Erolcha
 10277 | D:9      | Found Nacesy's Antique Armour Boutique.
 10327 | D:9      | Noticed Harold
 10364 | D:9      | Found Roarhuso's Weapon Shoppe.
 10376 | D:8      | Found a staircase to the Lair.
 10453 | D:7      | Reached **** piety under Okawaru
 10453 | D:7      | Reached XP level 10. HP: 64/69 MP: 10/13
 10829 | D:7      | Reached skill level 8 in Unarmed Combat
 11050 | D:7      | Found Daur's Book Emporium.
 12036 | D:8      | Noticed a gargoyle
 12515 | D:8      | Noticed a gargoyle
 12563 | D:8      | Killed a gargoyle
 12563 | D:8      | Reached ***** piety under Okawaru
 12582 | D:8      | Noticed a gargoyle
 12592 | D:8      | Killed a gargoyle
 12680 | D:8      | Noticed a gargoyle
 13004 | D:8      | Killed a gargoyle
 13123 | D:8      | Killed a gargoyle
 13123 | D:8      | Reached skill level 9 in Unarmed Combat
 13220 | D:8      | Got a warped bronze ring
 13234 | D:8      | Identified the ring "Saokhlienk" {Fire Str-5 Dex+4} (You
                  | found it on level 8 of the Dungeon)
 13654 | D:9      | Noticed a two-headed ogre
 13666 | D:9      | Killed a two-headed ogre
 13666 | D:9      | Received a gift from Okawaru
 13666 | D:9      | Reached XP level 11. HP: 73/74 MP: 13/18
 13678 | D:9      | Got an iridescent arbalest {god gift}
 13785 | D:9      | Reached skill level 5 in Spellcasting
 13833 | D:9      | Noticed a centaur warrior
 13835 | D:9      | Found the +7 lajatang of Order {silver, rMut}
 13841 | D:9      | Killed a centaur warrior
 13841 | D:9      | Reached skill level 10 in Unarmed Combat
 13882 | D:9      | Killed an unseen horror
 14192 | D:9      | Got a scorched tin ring
 14208 | D:9      | Identified the ring "Guthreus" {Str+4 Dex+6 Slay+4 Stlth+}
                  | (You found it on level 9 of the Dungeon)
 14321 | D:9      | Found Seghassua's Antique Weapon Boutique.
 14330 | D:9      | Identified the +4 arbalest of Sunlight {venom, *Slow +Fly
                  | rElec rC+} (Okawaru gifted it to you on level 9 of the
                  | Dungeon)
 14355 | D:9      | Found Joreynuetwe's Assorted Antiques.
 14389 | D:9      | Bought a bloodstained buckler for 256 gold pieces
 14394 | D:9      | Identified the +3 buckler of Voiqerphag {rN+ MP+9 Stlth+}
                  | (You bought it in a shop on level 9 of the Dungeon)
 14562 | D:9      | Got an encrusted rapier
 14563 | D:9      | Identified the +7 rapier "Vuic" {flame, rN+ MR+} (You found
                  | it on level 9 of the Dungeon)
 14592 | D:9      | Noticed Erica
 14724 | D:9      | Found Xumuy's Antique Weapon Boutique.
 14854 | D:9      | Killed Harold
 14974 | Lair:1   | Entered Level 1 of the Lair of Beasts
 15021 | Lair:1   | Received a gift from Okawaru
 15025 | Lair:1   | Reached skill level 1 in Shields
 15052 | Lair:1   | Noticed Maggie
 15072 | Lair:1   | Killed Maggie
 15798 | Lair:2   | Noticed an eight-headed hydra
 16121 | Lair:1   | Received a gift from Okawaru
 16121 | Lair:1   | Reached XP level 12. HP: 23/81 MP: 21/21
 16124 | Lair:1   | Got a crude buckler {god gift}
 16464 | Lair:1   | Identified the -7 buckler "Cucyomm" {rC+ rN+ Int+3}
                  | (Okawaru gifted it to you on level 1 of the Lair of Beasts)
 16524 | Lair:2   | Reached skill level 5 in Invocations
 16562 | Lair:2   | Noticed a four-headed hydra
 16589 | Lair:1   | Killed a four-headed hydra
 16793 | Lair:2   | Found a stormy altar of Qazlal.
 16951 | Lair:2   | Found a staircase to the Swamp.
 17738 | Lair:2   | Killed an eight-headed hydra
 18862 | Lair:3   | Found a staircase to the Snake Pit.
 19731 | Lair:3   | Reached skill level 11 in Unarmed Combat
 19738 | Lair:3   | Received a gift from Okawaru
 19914 | Lair:4   | Reached XP level 13. HP: 90/90 MP: 22/22
 20276 | Lair:4   | Learned a level 5 spell: Blade Hands
 20283 | Lair:4   | Learned a level 6 spell: Statue Form
 20706 | Lair:4   | Found a snail-covered altar of Cheibriados.
 21531 | Lair:5   | Found a frozen archway.
 21540 | IceCv    | Entered an ice cave
 21556 | IceCv    | Reached skill level 10 in Dodging
 21739 | IceCv    | Found the +6 arbalest "Damnation" {damnation}
 21769 | IceCv    | Received a gift from Okawaru
 22195 | IceCv    | Reached skill level 10 in Fighting
 22496 | IceCv    | Reached ****** piety under Okawaru
 22886 | IceCv    | Noticed a white draconian
 22967 | IceCv    | Reached skill level 12 in Unarmed Combat
 23205 | IceCv    | Killed a white draconian
 23921 | Lair:5   | Reached XP level 14. HP: 99/99 MP: 23/23
 24274 | Lair:6   | Entered Level 6 of the Lair of Beasts
 24423 | Lair:6   | Received a gift from Okawaru
 25150 | Lair:6   | Found a viscous altar of Jiyva.
 25150 | Lair:6   | Found a staircase to the Slime Pits.
 26281 | Lair:6   | Reached skill level 13 in Unarmed Combat
 26587 | Lair:6   | Reached skill level 10 in Transmutations
 26957 | D:9      | Killed Erica
 27041 | D:10     | Entered Level 10 of the Dungeon
 27081 | D:10     | Reached XP level 15. HP: 108/108 MP: 24/24
 27131 | D:10     | Noticed Snorg
 27179 | D:10     | Mangled by Snorg

Illustrated notes

Levels and vault maps discovered:
D:1:      wander_arrival_chamber, layout_basic
D:2:      layout_loops_ring, uniq_natasha
D:3:      layout_loops_ring, kennysheep_nub, okawaru_altar_gauntlet_db
D:4:      layout_cave_pods, nemelex_xobeh_ov_fountains_minmay, first_ration
D:5:      layout_gridville, grunt_ministairs_11,
          hangedman_abyss_or_decor_stagger, kennysheep_path_1, st_stairs_10
D:6:      layout_cave_pods, temple_green, basic_altar, serial_shops, shop,
          nicolae_elemental_shop, minmay_gold_behind_fungi
D:7:      layout_basic, serial_shops, shop, abandoned_shop, grunt_livestock,
          grunt_gozag_breadcrumbs
D:8:      cheibrodos_statue_roulette, layout_gridville, dpeg_oklobed_lair
D:9:      minmay_the_grid_square_5x5_3x3
          [minmay_the_grid_square_5x5_intrusive_squares,
          minmay_the_grid_square_5x5_n, minmay_the_grid_square_5x5_dogpile,
          minmay_the_grid_square_5x5_spiral,
          minmay_the_grid_square_5x5_megaprize_diamond,
          minmay_the_grid_square_5x5_empty,
          minmay_the_grid_square_5x5_beaten_path, minmay_the_grid_square_5x5_v,
          minmay_the_grid_square_5x5_eight_small], layout_irregular_city,
          serial_shops, nicolae_shop_overgrown_old_shop,
          nicolae_shop_statue_plus, shop, nicolae_shop_stone, shop_coins,
          uniq_erica, uniq_erolcha, uniq_maurice, uniq_harold
D:10:     layout_basic, kennysheep_small_spiral, uniq_snorg
Lair:1:   layout_cave_shapes, uniq_maggie
Lair:2:   layout_gridlike, skrybe_swamp_entry_bodies, basic_altar,
          beast_lair_carwin_2
Lair:3:   layout_chaotic_city, guppyfry_snake_entry_island,
          minmay_lair_oklob_chamber
Lair:4:   layout_loops_ring, basic_altar, serial_bayou_shore_a,
          grunt_megastairs_3
Lair:5:   layout_misc_corridors, portal_ice_cave_entry_pillars_1,
          gauntlet_entry_generic, chequers_serial_rivers_micro_a,
          beast_lair_carwin_10
Lair:6:   gammafunk_lair_ancient_temple, layout_regular_city, slime_altar_1,
          lemuel_fruit_fields

Skill      XL: |  1  2  3  4  5  6  7  8  9 10 11 12 13 14 |
---------------+-------------------------------------------+-----
Fighting       | 2 3 4 5 6 7 9 10 11 | 11.7
Poison Magic   | 1 2 |  2.0
Transmutations | 3 4 5 6 7 8 10 | 10.0
Unarmed Combat | 4 5 6 7 9 10 11 12 13 | 13.2
Stealth        | 2 5 7 8 |  8.2
Dodging        | 4 6 7 9 10 11 | 11.9
Ice Magic      | 2 4 |  4.0
Invocations    | 2 3 4 6 7 |  7.1
Spellcasting   | 4 6 |  6.0
Shields        | 2 4 |  4.0

Action                   |  1- 3 |  4- 6 |  7- 9 | 10-12 | 13-15 || total
-------------------------+-------+-------+-------+-------+-------++-------
Melee: Unarmed           |    88 |   134 |   335 |   512 |   555 ||  1624
       Constrict         |    32 |    24 |    24 |    19 |    16 ||   115
       Tentacles         |    16 |    12 |    22 |    20 |    44 ||   114
       Kick              |     1 |    11 |    17 |    22 |    11 ||    62
       Punch             |     1 |       |     3 |     7 |    20 ||    31
Throw: Dart              |       |       |    25 |    27 |    21 ||    73
 Cast: Beastly Appendage |     2 |     8 |    14 |    10 |     4 ||    38
       Spider Form       |       |     5 |    25 |    24 |     4 ||    58
       Sticks to Snakes  |       |     1 |     5 |       |       ||     6
       Ice Form          |       |       |       |    28 |    32 ||    60
       Blade Hands       |       |       |       |       |     5 ||     5
  Use: Scroll            |       |     2 |     4 |     4 |    12 ||    22
       Potion            |       |     1 |       |     1 |       ||     2
 Stab: Sleeping          |     6 |     6 |     6 |    14 |    12 ||    44
       Distracted        |       |       |       |     2 |     1 ||     3
  Eat: Chunk             |     2 |    12 |    21 |    22 |    29 ||    86
       Ration            |       |       |       |     5 |       ||     5
Armor: Skin              |     4 |     3 |    19 |    56 |    32 ||   114
Dodge: Dodged            |    32 |    91 |   275 |   407 |   482 ||  1287
Block: Buckler           |       |       |       |     9 |    50 ||    59
       Other             |       |       |       |       |    36 ||    36
